 Dungeon Crawl Stone Soup version 0.27-a0-141-g0b64aa269c (webtiles) character file.

Game seed: 10778538712595138299

189 Majang the Ruffian (level 5, 0/42 HPs)
             Began as a Draconian Transmuter on Jan 26, 2021.
             Slain by a bullfrog (4 damage)
             ... in a sewer.
             The game lasted 00:14:00 (3016 turns).

Majang the Ruffian (Draconian Transmuter)           Turns: 3016, Time: 00:14:01

Health: 0/42       AC:  6    Str: 12 (13) XL:     5   Next: 40%
Magic:  5/9        EV: 12    Int: 11 (14) God:
Gold:   92         SH:  0    Dex:  9 (11) Spells: 6/9 levels left

rFire    . . .     SeeInvis .     - Unarmed
rCold    . . .     Faith    .   (no shield)
rNeg     . . .     Spirit   .   (armour unavailable)
rPois    .         Reflect  .   (helmet currently unavailable)
rElec    .         Harm     .   i - +0 cloak
rCorr    .         Rampage  .   (no gloves)
Will     .....                  (boots currently unavailable)
Stlth    +.........             (no amulet)
HPRegen  0.14/turn              (no ring)
MPRegen  0.11/turn              (no ring)

@: appendages (expiring), wereblooded
A: unfitting armour, horns 2, talons 2, cold-blooded, AC +5
a: End Transformation


You were in a sewer.
You had grown temporary horns.
You had grown temporary talons.
You visited 1 branch of the dungeon, and saw 3 of its levels.
You also visited: Sewer.

You collected 92 gold pieces.

Inventory:

Missiles
 b - 128 stones
Armour
 a - a +0 kite shield
 d - a scarf of invisibility
 i - a +0 cloak (worn)
Scrolls
 c - 3 scrolls of remove curse {unknown}
 e - a scroll of identify {unknown}
 g - a scroll of teleportation {unknown}
 h - a scroll of enchant weapon {unknown}
Potions
 f - a potion of curing {unknown}
 j - a potion of degeneration
 k - a potion of attraction {unknown}


   Skills:
 + Level 2.7 Fighting
 - Level 1.7 Dodging
 * Level 4.5 Unarmed Combat
 + Level 2.9 Spellcasting
 + Level 3.1 Transmutations


You had 6 spell levels left.
You knew the following spells:

 Your Spells              Type           Power        Failure   Level
a - Beastly Appendage     Tmut           16%          8%          1
b - Wereblood             Tmut           8%           11%         2

Your spell library contained the following spells:

 Spells                   Type           Power        Failure   Level
 Spider Form              Tmut/Pois      2%           38%         3
 Ice Form                 Ice/Tmut       5%           80%         4
 Blade Hands              Tmut           4%           90%         5


Dungeon Overview and Level Annotations

Branches:
Dungeon (3/15)              Sewer (1/1)

Altars:
Elyvilon
Trog


Innate Abilities, Weirdness & Mutations

Your plain brown scales are hard. (AC +5)
You cannot fit into any form of body armour.
You are cold-blooded and may be slowed by cold attacks.
You have a pair of horns on your head.
You have razor-sharp toenails.


Message History

The bullfrog is heavily wounded.
The bullfrog hits you but does no damage.
You miss the bullfrog. Your kick misses the bullfrog.
Your headbutt misses the bullfrog. You punch the bullfrog.
The bullfrog is heavily wounded.
The bullfrog hits you.
* * * LOW HITPOINT WARNING * * *
The bullfrog hits you.
* * * LOW HITPOINT WARNING * * *
It was a potion of degeneration.
There was something very wrong with that liquid.
You feel weakened.
You feel dopey.
You feel clumsy. The bullfrog hits you.
* * * LOW HITPOINT WARNING * * *
You hit the bullfrog.
The bullfrog is severely wounded.
The bullfrog hits you.
* * * LOW HITPOINT WARNING * * *
The bullfrog hits you.
You die...

#
#####################
##....................
#..≈≈≈≈≈≈≈≈≈≈≈≈≈≈≈÷≈≈≈
#.≈≈≈≈≈≈≈≈≈≈≈≈≈≈≈≈≈≈≈≈
#.≈≈≈≈≈≈≈≈≈≈≈≈≈≈≈≈≈≈≈≈
#.≈≈≈≈..≈≈≈≈≈≈≈≈≈≈....
#.≈≈≈.≈≈≈≈≈≈≈≈≈≈≈≈≈≈≈≈
#≈≈≈≈@F≈≈≈≈≈≈≈≈≈≈≈≈≈≈≈
#≈≈≈≈≈≈≈≈≈≈≈≈≈≈≈≈≈≈≈≈≈
#≈≈≈≈≈≈≈≈≈≈≈≈≈≈.≈≈≈≈≈≈
#÷≈≈≈≈≈≈≈≈≈≈.≈.≈?.≈≈≈≈
#≈≈≈≈≈≈≈≈≈≈..≈.$([.≈≈≈
#≈≈≈≈≈≈≈≈≈≈.≈.≈.$.≈≈≈≈
#≈≈≈≈≈≈≈≈≈≈..≈≈≈.≈≈≈≈≈
#≈≈≈≈≈#≈≈≈≈∩.≈≈
#≈≈≈≈≈##≈≈≈≈≈≈≈


You could see a bullfrog.

Vanquished Creatures
  A bullfrog (Sewer)
  4 adders
  2 oozes
  3 worms (D:2)
  6 leopard geckos
  An orc (D:2)
  11 bats
  7 giant cockroaches
  7 goblins
  4 hobgoblins
  10 kobolds
  8 ball pythons
  5 frilled lizards
  3 rats
72 creatures vanquished.

Notes
Turn   | Place    | Note
-------+----------+-------------------------------------------
     0 | D:1      | Majang the Draconian Transmuter began the quest for the
                  | Orb.
     0 | D:1      | Reached XP level 1. HP: 16/16 MP: 3/3
   216 | D:1      | Reached XP level 2. HP: 5/23 MP: 3/5
   471 | D:1      | Learned a level 2 spell: Wereblood
  1123 | D:1      | Reached XP level 3. HP: 29/29 MP: 4/6
  1448 | D:2      | Found a bloodstained altar of Trog.
  1624 | D:2      | Found a faded altar of an unknown god.
  1948 | D:2      | Reached XP level 4. HP: 31/36 MP: 2/7
  2081 | D:2      | Reached skill level 4 in Unarmed Combat
  2291 | D:2      | Found a white marble altar of Elyvilon.
  2527 | D:3      | Found a glowing drain.
  2536 | Sewer    | Entered a sewer
  2994 | Sewer    | Noticed a bullfrog
  2999 | Sewer    | Noticed a bullfrog
  3009 | Sewer    | Killed a bullfrog
  3010 | Sewer    | Reached XP level 5. HP: 14/42 MP: 5/9
  3016 | Sewer    | Slain by a bullfrog

Illustrated notes

Levels and vault maps discovered:
D:1:      elethiomel_arrival_infinity_welcomes_careful_drivers, layout_basic
D:2:      layout_loops_cross, nicolae_overflow_crystal_walls,
          chequers_ecumenical_altar_simple_redux, elyvilon_altar_5
D:3:      layout_loops_ring, pdpol_wu_jian_five_deadly_venoms,
          old_standard_altar, portal_sewer_entry_d
Sewer:    sewer_frog_island_01

Skill      XL: |  1  2  3  4 |
---------------+-------------+-----
Fighting       | 2 |  2.7
Unarmed Combat | 4 |  4.5
Transmutations | 3 |  3.1
Dodging        | |  1.7
Spellcasting   | |  2.9

Action                   |  1- 3 |  4- 6 || total
-------------------------+-------+-------++-------
Melee: Unarmed           |   129 |    80 ||   209
       Kick              |    24 |     9 ||    33
       Tailslap          |     8 |     7 ||    15
       Headbutt          |     7 |     9 ||    16
       Punch             |       |     3 ||     3
 Cast: Beastly Appendage |    35 |    18 ||    53
       Wereblood         |     3 |     3 ||     6
  Use: Potion            |       |     1 ||     1
 Stab: Sleeping          |     1 |       ||     1
Armor: Skin              |    41 |    28 ||    69
Dodge: Dodged            |    93 |    62 ||   155

Table legend: (Time is in decaauts)
 A = Elapsed time spent in this place.
 B = Non-inter-level travel time spent in this place.
 C = Inter-level travel time spent in this place.
 D = Time resting spent in this place.
 E = Time spent auto-exploring this place.
 F = Levels seen in this place.
 G = Mean time per level.
                   A        B        C        D        E       F      G
               +--------+--------+--------+--------+--------+-----+--------+
         Total |   3054 |   2996 |     58 |   1058 |    910 |   4 |  763.5 |
       Dungeon |   2529 |   2471 |     58 |    892 |    910 |   3 |  843.0 |
         Sewer |    524 |    524 |      0 |    166 |      0 |   1 |  524.0 |
               +--------+--------+--------+--------+--------+-----+--------+

Top non-repeatable levels by time:
     D:1: 1362 daAuts
     D:2: 1003 daAuts
   Sewer: 524 daAuts
     D:3: 163 daAuts
